 Dungeon Crawl Stone Soup version 0.21-a0-426-g98080a9 (webtiles) character file.

245 drevant the Skirmisher (level 5, -4/42 HPs)
             Began as a Demonspawn Abyssal Knight on Nov 6, 2017.
             Was a Believer of Lugonu.
             Asphyxiated
             ... on level 3 of the Dungeon.
             The game lasted 00:06:38 (3824 turns).

drevant the Skirmisher (Demonspawn Abyssal Knight)  Turns: 3824, Time: 00:06:39

Health: -4/42      AC:  6    Str: 12 (13) XL:     5   Next: 84%
Magic:  6/6        EV: 11    Int: 11 (14) God:    Lugonu [**....]
Gold:   194        SH:  0    Dex:  9 (12) Spells: 4/4 levels left

rFire    . . .     SeeInvis .   a - +1 spear
rCold    . . .     Gourm    .   (no shield)
rNeg     . . .     Faith    .   b - +0 leather armour
rPois    .         Spirit   .   (no helmet)
rElec    .         Reflect  .   (no cloak)
rCorr    .         Harm     .   (no gloves)
MR       .....                  (no boots)
Stlth    +.........             (no amulet)
HPRegen  0.14/turn              (no ring)
MPRegen  0.10/turn              (no ring)

@: lethally poisoned (-4 -> -26), slowed, very slow
A: claws 1, thin metallic scales 2, demonic guardian 1
a: Depart the Abyss, Bend Space, Renounce Religion


You were on level 3 of the Dungeon.
You worshipped Lugonu.
Lugonu was pleased with you.
You were very hungry.

You visited 1 branch of the dungeon, and saw 3 of its levels.
You visited the Abyss 1 time.

You collected 194 gold pieces.

Inventory:

Hand Weapons
 a - a +1 spear (weapon)
Missiles
 d - 67 stones
 m - a tomahawk (quivered)
Armour
 b - a +0 leather armour (worn)
 v - a +0 cloak
Wands
 r - a wand of flame (11/48)
Scrolls
 e - 9 scrolls of identify {unknown}
 f - 3 scrolls of remove curse {unknown}
 g - a scroll of enchant weapon {unknown}
 j - 2 scrolls of amnesia {unknown}
 k - a scroll of fear {unknown}
 o - a scroll of blinking {unknown}
 q - a scroll of enchant armour {unknown}
 y - a scroll of teleportation {unknown}
 z - a scroll of fog {unknown}
Potions
 i - a potion of lignification
 p - a potion of ambrosia {unknown}
 s - a potion of curing {unknown}
 t - a potion of agility {unknown}
 u - a potion of flight {unknown}
 x - a potion of degeneration
Comestibles
 c - 2 bread rations
 h - 2 meat rations
 l - 2 fruits
 n - a royal jelly


   Skills:
 + Level 4.1 Fighting
 * Level 4.1 Polearms
 + Level 3.1 Armour
 - Level 0.8 Dodging
 - Level 2.4 Invocations


You had 4 spell levels left.
You didn't know any spells.

Dungeon Overview and Level Annotations

Branches:
Dungeon (3/15)

Altars:


Innate Abilities, Weirdness & Mutations

You have sharp fingernails.
You are mostly covered in thin metallic scales. (AC +3)
A weak demonic guardian rushes to your aid.


Message History

The kobold shoots a curare-tipped needle.
The curare-tipped needle hits you.
You are poisoned.
You have difficulty breathing.
* * * LOW HITPOINT WARNING * * *
You feel yourself slow down.
Throwing (i - inventory. (,) - cycle):
m - a tomahawk (quivered)
Press: ? - help, Shift-Dir - straight line, f/p - kobold
Aim: a kobold, wielding a blowgun (heavily wounded)
Okay, then.
It was a potion of degeneration.
There was something very wrong with that liquid.
You feel weakened.
You feel dopey.
You feel clumsy.
* * * LOW HITPOINT WARNING * * *
You feel sick.
The kobold shoots a curare-tipped needle.
The curare-tipped needle hits you.
You are more poisoned.
You have difficulty breathing.
You die...

.((#...[.# ...#...# ..
.....o((.####..##..# .#
(....#(..K.##..##..# # .# ##.#
##.#..#...##..##.##.# ..
#..##.[..........#..# #
#.#####)#...#.# ##.#
##.###.........###..#####.
#####..........>##............
.......####...).@.........####
#####..##).<........>...###
#.###.#)............#
#####.#....(...........##
#...#..................#
............#...##...#.#
..........####.######..#
........W.# #..# #...##
..........# #.## #)###


You could see a kobold.

Vanquished Creatures
  An orc wizard (D:2)
  6 adders
  An ooze (D:1)
  3 worms
  7 orcs (D:3)
  6 bats
  2 giant cockroaches
  15 hobgoblins
  3 kobolds
  A quokka (D:2)
  A ball python (D:1)
  2 frilled lizards (D:1)
  22 goblins
  4 rats
74 creatures vanquished.

Vanquished Creatures (collateral kills)
  The ghost of karf the Firebug, an amateur DEFE (D:3)
  An orc priest (D:3)
  Crazy Yiuf (D:2)
  An orc (D:3)
4 creatures vanquished.

Vanquished Creatures (others)
  A goblin (D:3)
1 creature vanquished.

Grand Total: 79 creatures vanquished

Notes
Turn   | Place    | Note
-------+----------+-------------------------------------------
     0 | Abyss:1  | drevant the Demonspawn Abyssal Knight began the quest for the Orb.
     0 | Abyss:1  | Reached XP level 1. HP: 18/18 MP: 2/2
    47 | Abyss:1  | Noticed a large abomination
    53 | D:1      | Escaped the Abyss
   297 | D:1      | Gained mutation: A weak demonic guardian rushes to your aid. [demonic ancestry]
   297 | D:1      | Reached XP level 2. HP: 24/24 MP: 3/3
   605 | D:1      | Reached * piety under Lugonu
   735 | D:1      | Gained mutation: You are partially covered in thin metallic scales. (AC +2) [demonic ancestry]
   735 | D:1      | Reached XP level 3. HP: 29/29 MP: 4/4
  1899 | D:2      | Gained mutation: You are mostly covered in thin metallic scales. (AC +3) [demonic ancestry]
  1899 | D:2      | Reached XP level 4. HP: 35/35 MP: 5/5
  2382 | D:2      | Reached ** piety under Lugonu
  2590 | D:2      | Found a runed door.
  2652 | D:2      | Noticed Crazy Yiuf
  2689 | D:2      | Killed Crazy Yiuf
  3095 | D:3      | Gained mutation: You have sharp fingernails. [demonic ancestry]
  3095 | D:3      | Reached XP level 5. HP: 42/42 MP: 6/6
  3732 | D:3      | Noticed karf's ghost (amateur DEFE)
  3802 | D:3      | Killed karf's ghost
  3824 | D:3      | HP: 1/42 [poisoned by kobold (curare-tipped needle)]
  3824 | D:3      | Asphyxiated

Vault maps used:
D:1:      co_arrival_hexagon_in_a_hexagon, minmay_heptomino_o4
D:2:      cheibrodos_greedy_goblins, amethyst_killhole, uniq_crazy_yiuf_cottage
D:3:      lemuel_flame_loot_1

Skill      XL: |  1  2  3  4  5 |
---------------+----------------+-----
Polearms       | 2 3 4 |  4.1
Armour         | 2 3 |  3.1
Fighting       | 4 |  4.1
Dodging        | |  0.8
Invocations    | |  2.4

Action                   |  1- 3 |  4- 6 || total
-------------------------+-------+-------++-------
Melee: Spear             |   113 |   165 ||   278
Throw: Stone             |    12 |    10 ||    22
       Tomahawk          |    13 |    16 ||    29
Invok: Depart the Abyss  |     1 |       ||     1
  Use: Potion            |       |     2 ||     2
  Eat: Chunk             |     3 |     5 ||     8
Armor: Leather armour    |    19 |    37 ||    56
       Skin              |       |     3 ||     3
Dodge: Dodged            |    47 |    62 ||   109

Table legend:
 A = Spawn XP
 B = Non-spawn XP
 C = Spawn XP percentage of total XP
 D = Spawn monster count
 E = Non-spawn monster count
 F = Spawn count percentage of total count
 G = Total turns spent on level
                    A         B        C        D         E        F      G
               +---------+---------+-------+---------+---------+-------+---------
         Total |       0 |     351 |   0.0 |       0 |      78 |   0.0 |  3824
               +---------+---------+-------+---------+---------+-------+---------
           D:1 |       0 |      41 |   0.0 |       0 |      22 |   0.0 |  1280
           D:2 |       0 |     141 |   0.0 |       0 |      36 |   0.0 |  1797
           D:3 |       0 |     169 |   0.0 |       0 |      20 |   0.0 |   694
               +---------+---------+-------+---------+---------+-------+---------
